 Dungeon Crawl Stone Soup version 0.29.0-4-gdea44cf6ec (webtiles) character file.

Game seed: 9578034261567640478

11 qw the Sneak (level 2, -2/19 HPs)
             Began as a Gargoyle Delver on Sept 10, 2022.
             Slain by a goblin
             ... wielding a +0 dagger
             ... led by Robin
              (3 damage)
             ... on level 2 of the Dungeon.
             The game lasted 00:00:10 (328 turns).

qw the Sneak (Gargoyle Delver)                       Turns: 328, Time: 00:00:10

Health: -2/19      AC:  5    Str: 15    XL:     2   Next: 25%
Magic:  2/2        EV: 11    Int: 10    God:
Gold:   0          SH:  0    Dex: 11    Spells: 1/1 levels left

rFire   . . .      SeeInvis .   d - +0 war axe
rCold   . . .      Faith    .   (no shield)
rNeg    + . .      Spirit   .   b - +0 leather armour
rPois   inf        Reflect  .   (no helmet)
rElec   +          Harm     .   (no cloak)
rCorr   +          Rampage  .   (no gloves)
Will    .....                   (no boots)
Stlth   +++.......              (no amulet)
HPRegen 0.06/turn               c - ring of resist corrosion
MPRegen 0.08/turn               (no ring)

@: no status effects
A: sickness immunity, AC +2, negative energy resistance 1, electricity
resistance, torment resistance 1, petrification resistance
a: no special abilities


You were on level 2 of the Dungeon.
You visited 1 branch of the dungeon, and saw 4 of its levels.


Innate Abilities, Weirdness & Mutations

You are immune to sickness and miasma.
Your stone body is resilient. (AC +2)
You are immune to poison.
You resist negative energy. (rN+)
You are resistant to electric shocks. (rElec)
You are resistant to unholy torment.
You are immune to petrification.


   Skills:
 - Level 3.2 Fighting
 + Level 2.6 Axes
 - Level 1.5 Dodging
 - Level 5.4 Stealth


You had one spell level left.
You didn't know any spells.
Your spell library was empty.

Inventory:

Hand Weapons
 d - a +0 war axe (weapon)
Armour
 b - a +0 leather armour (worn)
Jewellery
 c - a ring of resist corrosion (left hand)
 e - a ring of flight
Wands
 g - a wand of digging (3)
Scrolls
 a - a scroll of noise {unknown}
Potions
 f - 2 potions of haste

Dungeon Overview and Level Annotations

Branches:
Dungeon (5/15)
 Temple: D:4-7

Altars:
Vehumet

Annotations:
D:2 Robin


Message History

A goblin comes into view. It is wielding a +0 dagger.
The goblin barely misses you.
A goblin comes into view. It is wielding a +0 dagger.
A hobgoblin comes into view.
The goblin hits you but does no damage. Robin throws the goblin at you!
The goblin moves out of view.
The goblin shouts!
You slash the goblin!
You kill the goblin!
You closely miss the goblin.
Robin roars a battlecry!
The goblins go into a battle-frenzy!
The goblin barely misses you.
A goblin comes into view. It is wielding a +0 dagger.
The goblin shouts!
You hit the goblin.
The goblin is moderately wounded.
Robin throws the goblin at you! The goblin hits you but does no damage.
The goblin hits you with a +0 dagger.
You slash the goblin!
You kill the goblin!
You hit the goblin but do no damage.
A hobgoblin comes into view.
A goblin comes into view. It is wielding a +0 dagger.
The goblin closely misses you. The goblin hits you but does no damage.
A goblin comes into view. It is wielding a +2 dagger of flaming.
The hobgoblin moves out of view.
You closely miss the goblin. The goblin hits you but does no damage.
You closely miss the goblin. The goblin hits you with a +0 dagger.
The goblin misses you.
You barely miss the goblin. The goblin hits you with a +0 dagger.
You miss the goblin. The goblin hits you with a +0 dagger.
You barely miss the goblin.
The goblin hits you with a +0 dagger. x2; Robin throws the goblin at you!
You closely miss the goblin. x2
The goblin hits you with a +0 dagger.
You die...

#......... #.........
######.#+#####.
............>.'.
#######.#.##.##.
#.#.##.##. #.#.##.##.
############.#.##.###
#.gg@g.........##%#
..wgg############.##.#
..g #.##.# . #.##'##
#.#...# #.#...#
..#...# ##...# ##'###


You could see a worm, Robin, 2 hobgoblins and 3 goblins.

Vanquished Creatures
  A dart slug (D:2)
  An endoplasm (D:2)
  2 goblins (D:2)
  A hobgoblin (D:2)
  A kobold (D:2)
  A quokka (D:3)
7 creatures vanquished.

Notes
Turn   | Place    | Note
-------+----------+-------------------------------------------
     0 | D:5      | qw the Gargoyle Delver began the quest for the Orb.
     0 | D:5      | Reached XP level 1. HP: 14/14 MP: 1/1
     0 | D:5      | 0 ||| qw: Version: 0.1-a-117-gfe26ee0
     0 | D:5      | 0 ||| qw: Game counter: 9776
     0 | D:5      | 0 ||| qw: Always use a shield: true
     0 | D:5      | 0 ||| qw: God list: Okawaru
     0 | D:5      | 0 ||| qw: Allow faded altars: false
     0 | D:5      | 0 ||| qw: Do Orc after D:15 true
     0 | D:5      | 0 ||| qw: Do second Lair branch before Depths: true
     0 | D:5      | 0 ||| qw: Lair rune preference: random
     0 | D:5      | 0 ||| qw: Plans: Normal
     0 | D:5      | 0 ||| PLANNING D:1-11
     0 | D:5      | 0 ||| DROPPING scroll of fog.
     1 | D:5      | 1 ||| DROPPING scroll of magic mapping.
     2 | D:5      | 2 ||| DROPPING scroll of fear.
     8 | D:4      | Noticed an ogre
     9 | D:4      | 9 ||| FLEEEEING.
    10 | D:4      | 10 ||| FLEEEEING.
    11 | D:4      | 11 ||| STAIRDANCE
    77 | D:3      | 77 ||| UPGRADING to ring of resist corrosion.
   101 | D:2      | Found a radiant altar of Vehumet.
   119 | D:2      | 119 ||| SWAPPING to +0 war axe.
   120 | D:2      | 120 ||| DROPPING +0 hand axe.
   156 | D:2      | Reached XP level 2. HP: 18/19 MP: 2/2
   318 | D:2      | Noticed Robin
   327 | D:2      | HP: 4/19 [goblin/+0 dagger[Robin] (5)]
   327 | D:2      | HP: 1/19 [goblin/+0 dagger[Robin] (3)]
   328 | D:2      | Slain by a goblin

Levels and vault maps discovered:
D:2:      layout_basic, basic_altar, uniq_robin, uniq_natasha
D:3:      layout_basic, kennysheep_nub, uniq_jessica
D:4:      layout_cave_pools, minitemple, uniq_menkaure
D:5:      layout_loops_ring, nicolae_yredelemnul_corpse_copse,
          minmay_temple_entry_poolview, serial_shops, shop,
          minmay_misc_feat_ornament

Skill      XL: |  1 |
---------------+----+-----
Axes           | 2 |  2.6
Fighting       | |  3.2
Dodging        | |  1.5
Stealth        | |  5.4

Action                   || total
-------------------------++-------
Melee: War axe           ||    17
       Hand axe          ||     4
Armor: Leather armour    ||     5
Dodge: Dodged            ||     9

Table legend:
 A = Non-vault XP
 B = Vault XP
 C = Vault XP percentage of total XP
 D = Non-vault monster count
 E = Vault monster count
 F = Vault count percentage of total count
                 A         B        C        D         E       F
            +---------+---------+-------+---------+---------+-------
      Total |      12 |       4 |  25.0 |       5 |       2 |  28.6
            +---------+---------+-------+---------+---------+-------
        D:2 |      10 |       4 |  28.6 |       4 |       2 |  33.3
        D:3 |       2 |       0 |   0.0 |       1 |       0 |   0.0
            +---------+---------+-------+---------+---------+-------
